Map: [ESL] Cosmic Sapphire

Players

Dark - Winner!

  • Race: Zerg Zerg
  • Spawn Location: 5:00

herO

  • Race: Protoss Protoss
  • Spawn Location: 11:00

Event: DreamHack SC2 Masters 2022 Valencia

VOD

Have the link to the VOD?

Description

Time

  • Played on: July 3, 2022, 11 a.m.
  • Length: 11:52

All games in this series

Show
View Real Time Build Order
Export as new Build Order

Dark Zerg - Winner!

Build Orders: Hatch First 

Get SALT Encoding   

  12  0:00  Drone  
  13  0:12  Overlord  
  13  0:17  Drone  
  14  0:30  Drone x2  
  16  0:36  Drone  
  17  0:52  Hatchery  
  17  0:54  Drone  
  17  0:58  Drone  
  18  1:08  Extractor  
  17  1:12  Spawning Pool  
  17  1:15  Drone  
  17  1:22  Drone  
  18  1:30  Drone  
  19  1:38  Drone  
  20  1:51  Drone  
  21  2:01  Zergling x2  
  22  2:03  Queen  
  22  2:04  Queen  
  22  2:06  Zergling x2  
  27  2:08  Metabolic Boost  
  27  2:15  Overlord  
  27  2:16  Drone  
  28  2:33  Drone x3  
  31  2:37  Drone  
  32  2:44  Hatchery  
  32  2:48  Queen  
  33  2:53  Overlord  
  33  2:58  Drone x2  
  35  3:08  Overlord  
  35  3:10  Queen  
  35  3:11  Drone  
  38  3:13  Drone  
  38  3:15  Drone  
  38  3:17  Drone  
  38  3:19  Drone  
  42  3:21  Drone  
  42  3:24  Overlord  
  43  3:30  Queen  
  45  3:36  Spore Crawler  
  45  3:37  Drone  
  45  3:41  Drone  
  45  3:46  Drone x2  
  48  3:51  Zergling x4  
  48  3:53  Drone  
  48  3:54  Queen, Drone  
  54  3:58  Queen  
  54  4:00  Drone  
  58  4:02  Drone  
  58  4:04  Spore Crawler  
  58  4:06  Drone  
  58  4:09  Drone x2  
  60  4:11  Drone  
  60  4:15  Evolution Chamber, Drone  
  60  4:16  Drone  
  62  4:23  Overlord  
  62  4:25  Queen  
  62  4:27  Drone  
  62  4:30  Baneling Nest  
  64  4:31  Overlord  
  64  4:35  Overlord  
  62  4:39  Overlord  
  62  4:40  Overlord  
  62  4:44  Drone x3  
  61  4:48  Drone  
  61  4:49  Drone  
  61  4:50  Drone  
  61  4:51  Drone  
  65  4:54  Zerg Melee Weapons Level 1  
  65  4:56  Drone  
  65  4:58  Drone x2  
  68  5:00  Drone  
  68  5:03  Drone  
  68  5:04  Drone  
  71  5:08  Drone  
  71  5:10  Drone  
  74  5:14  Drone  
  74  5:19  Drone x6  
  80  5:21  Extractor  
  80  5:22  Drone  
  80  5:23  Drone x3  
  80  5:24  Lair  
  83  5:33  Drone x3  
  86  5:36  Drone  
  86  5:42  Hatchery  
  86  5:44  Drone  
  86  5:46  Extractor x2, Drone  
  86  5:48  Extractor  
  86  5:49  Drone x2  
  87  5:54  Overlord  
  87  5:55  Overlord x2, Hatchery  
  87  5:56  Zergling x4  
  88  5:58  Overlord  
  88  6:00  Zergling x4  
  90  6:04  Overlord  
  90  6:08  Overlord  
  89  6:17  Overlord  
  89  6:18  Drone x2  
  89  6:19  Drone x3  
  89  6:23  Zergling x2  
  89  6:24  Zergling x4, Hydralisk Den  
  89  6:25  Centrifugal Hooks  
  96  6:27  Drone  
  97  6:36  Zergling x2  
  97  6:37  Zergling x8  
  97  6:38  Baneling x3  
  102  6:41  Drone  
  102  6:46  Spore Crawler, Drone  
  103  6:57  Hydralisk x5  
  103  6:58  Grooved Spines, Hydralisk x2  
  103  6:59  Drone x3  
  120  7:03  Drone x2  
  120  7:04  Drone x2  
  120  7:06  Drone  
  124  7:15  Hydralisk x5  
  134  7:24  Zerg Melee Weapons Level 2  
  134  7:26  Zergling x18  
  142  7:30  Overlord  
  142  7:32  Overlord  
  142  7:36  Overlord  
  142  7:38  Drone  
  142  7:39  Overlord  
  142  7:42  Zergling x14  
  150  7:44  Hatchery  
  150  7:49  Spine Crawler, Zergling x10  
  150  7:51  Baneling  
  153  7:55  Baneling x11  
  153  7:57  Zergling x2  
  153  7:58  Zergling x2  
  155  8:01  Zergling x6  
  155  8:05  Zergling x12  
  164  8:07  Zergling x2  
  164  8:08  Zergling x4  
  164  8:09  Zergling x2, Muscular Augments  
  164  8:10  Zergling x2  
  169  8:14  Zergling x2  
  169  8:15  Zergling x12  
  169  8:17  Zergling x4  
  169  8:18  Zergling x2  
  178  8:20  Baneling  
  178  8:21  Baneling x4  
  174  8:31  Zergling x22  
  179  8:37  Zergling x6  
  179  8:40  Baneling x2  
  179  8:41  Baneling x9  
  179  8:45  Zergling x2  
  179  8:46  Zergling x14  
  181  8:50  Baneling x4  
  181  8:51  Overlord x2  
  181  8:52  Overlord  
  181  8:56  Overlord  
  181  9:00  Zergling x4  
  181  9:01  Zergling x4  
  182  9:04  Baneling x4  
  172  9:10  Zergling x22  
  172  9:11  Zergling x2  
  168  9:20  Zergling x20  
  164  9:27  Zergling x16  
  169  9:32  Drone, Baneling x2  
  169  9:33  Baneling x5  
  169  9:35  Drone  
  169  9:36  Spore Crawler, Drone  
  171  9:39  Zergling x12  
  171  9:41  Zerg Missile Weapons Level 1  
  171  9:44  Zergling x14  
  184  9:45  Baneling  
  184  9:46  Baneling  
  184  9:50  Zergling x12  
  184  9:51  Baneling  
  184  9:52  Baneling x3  
  190  9:53  Baneling  
  190  9:54  Drone  
  190  10:06  Zergling x20  
  190  10:07  Zergling x10  
  192  10:14  Baneling x11  
  189  10:22  Baneling x3  
  176  10:35  Zergling x2  
  176  10:36  Zergling x42  
  176  10:38  Baneling x15  
  175  10:54  Hydralisk x5  
  175  10:55  Hydralisk x6  
  175  11:01  Hydralisk  
  175  11:02  Hydralisk x2  
  175  11:04  Zergling x6  
  170  11:07  Zergling x8  
  170  11:10  Zergling x6  
  164  11:13  Baneling x6  
  164  11:16  Zergling x8  
  164  11:18  Zergling x2  
  165  11:21  Zergling x6  
  164  11:26  Baneling x4  
  164  11:28  Hatchery  
  163  11:33  Zergling x16  
Show
View Real Time Build Order
Export as new Build Order

herO Protoss 

Build Orders: 1 Gate Expand, Oracle Opening 

Get SALT Encoding   

  12  0:00  Probe  
  13  0:13  Pylon  
  13  0:17  Probe (Chrono Boost)  
  14  0:26  Probe (Chrono Boost)  
  15  0:31  Probe (Chrono Boost)  
  16  0:39  Gateway  
  16  0:43  Probe  
  16  0:48  Assimilator  
  17  0:55  Probe  
  18  1:08  Probe  
  19  1:20  Probe  
  20  1:28  Nexus  
  20  1:35  Cybernetics Core  
  20  1:38  Probe  
  21  1:44  Assimilator  
  21  1:50  Probe  
  22  1:55  Pylon  
  22  2:02  Probe (Chrono Boost)  
  23  2:13  Adept  
  23  2:15  Probe (Chrono Boost)  
  26  2:19  Stargate  
  26  2:21  Probe (Chrono Boost)  
  27  2:25  Warp Gate  
  27  2:29  Probe (Chrono Boost)  
  28  2:41  Probe (Chrono Boost)  
  28  2:43  Stalker, Probe (Chrono Boost)  
  32  2:50  Probe x2 (Chrono Boost)  
  34  2:55  Probe  
  34  2:57  Probe  
  36  3:00  Oracle (Chrono Boost)  
  39  3:09  Probe x2  
  39  3:10  Pylon  
  41  3:19  Adept  
  43  3:21  Probe x2  
  45  3:35  Oracle (Chrono Boost)  
  45  3:39  Nexus  
  48  3:43  Pylon  
  48  3:45  Probe x2  
  50  3:56  Assimilator  
  50  3:58  Assimilator  
  50  4:02  Probe x2  
  52  4:05  Phoenix (Chrono Boost)  
  52  4:06  Forge  
  54  4:14  Probe x2, Twilight Council  
  56  4:21  Gateway  
  56  4:29  Gateway  
  56  4:32  Protoss Ground Weapons Level 1 (Chrono Boost), Gateway  
  56  4:33  Probe  
  57  4:40  Blink (Chrono Boost)  
  57  4:42  Adept  
  57  4:44  Probe (Chrono Boost)  
  57  4:47  Probe (Chrono Boost)  
  57  4:52  Gateway  
  57  4:55  Probe (Chrono Boost)  
  60  5:02  Probe (Chrono Boost)  
  60  5:03  Sentry, Probe x2 (Chrono Boost)  
  63  5:08  Probe  
  63  5:10  Forge  
  63  5:11  Probe  
  63  5:14  Probe  
  66  5:19  Shield Battery  
  66  5:20  Probe  
  67  5:24  Probe  
  67  5:25  Sentry  
  67  5:26  Probe  
  71  5:32  Probe, Gateway  
  71  5:33  Gateway  
  72  5:35  Gateway  
  72  5:36  Probe  
  72  5:42  Gateway  
  73  5:45  Protoss Ground Armor Level 1 (Chrono Boost)  
  73  5:46  Probe  
  73  5:48  Probe  
  76  5:54  Pylon, Sentry  
  76  5:55  Shield Battery  
  77  6:05  Photon Cannon  
  77  6:10  Pylon x2  
  77  6:12  Probe  
  77  6:14  Probe x2  
  80  6:20  Stalker x2, Pylon  
  80  6:25  Protoss Ground Weapons Level 2 (Chrono Boost)  
  84  6:27  Nexus  
  84  6:28  Pylon  
  84  6:29  Stalker  
  84  6:31  Pylon  
  86  6:34  Charge (Chrono Boost)  
  86  6:38  Stalker  
  86  6:39  Stalker  
  90  6:53  Photon Cannon  
  91  6:54  Probe x3, Shield Battery  
  91  6:56  Photon Cannon  
  93  7:01  Gateway  
  93  7:03  Templar Archives  
  93  7:08  Probe x2  
  93  7:09  Probe  
  93  7:10  Photon Cannon  
  93  7:15  Stalker x3  
  98  7:20  Probe  
  98  7:21  Probe x2  
  105  7:26  Pylon x2  
  105  7:33  Shield Battery  
  105  7:34  Assimilator  
  105  7:36  Protoss Ground Armor Level 2 (Chrono Boost)  
  105  7:37  Zealot x6  
  105  7:38  Assimilator  
  115  7:46  Zealot x3  
  121  7:54  Probe x4  
  125  8:00  High Templar x3  
  125  8:01  High Templar  
  125  8:04  Archon  
  125  8:05  Archon, Zealot x3  
  139  8:06  Probe x3  
  139  8:11  Zealot x3  
  139  8:12  Probe  
  149  8:14  Pylon  
  149  8:18  Pylon, Probe x3  
  152  8:20  Pylon  
  152  8:22  Pylon  
  152  8:24  Probe  
  141  8:36  High Templar x2  
  141  8:37  Zealot x8  
  161  8:42  Gateway x2  
  161  8:43  Archon  
  147  8:52  Protoss Ground Weapons Level 3 (Chrono Boost)  
  147  9:00  Zealot x8  
  160  9:05  Pylon  
  160  9:08  Pylon  
  138  9:19  Probe x3  
  138  9:22  Stalker  
  138  9:23  Stalker x5  
  117  9:25  Probe  
  111  9:31  Probe x3  
  111  9:38  Probe  
  114  9:42  High Templar x2  
  114  9:43  Probe x3, Zealot x2  
  125  9:50  Archon, Probe  
  126  9:55  Probe x3  
  127  10:00  Zealot x5  
  127  10:01  Zealot  
  127  10:02  Probe  
  136  10:07  Probe x2  
  136  10:08  Probe  
  136  10:10  Nexus  
  139  10:14  Probe  
  139  10:19  Probe x2  
  139  10:20  Probe  
  139  10:23  Zealot x3  
  139  10:25  Zealot x3  
  139  10:26  Probe  
  151  10:31  Probe  
  151  10:32  Probe x2  
  144  10:37  Zealot  
  144  10:38  Probe, Zealot x4  
  151  10:44  Probe x3, Zealot x2  
  151  10:45  Zealot  
  151  10:48  Zealot x2  
  106  10:59  Zealot x2  
  106  11:03  Zealot x3  
  82  11:13  Probe x2  
  84  11:18  Zealot  
  84  11:24  Probe (Chrono Boost)  
  87  11:28  Probe (Chrono Boost)  
  87  11:31  Probe (Chrono Boost)  
  85  11:34  Probe (Chrono Boost)  
  85  11:37  Probe (Chrono Boost)  
  85  11:38  Probe (Chrono Boost)  

Tags
 
Add a new tag
Caveats
  • Supply blocks, unpowered buildings, or Contaminate may cause inaccurate times.
  • Supply counts are checked every 10 seconds.